 Dungeon Crawl Stone Soup version 0.30.0-29-ga12c61a403 (webtiles) character file.

Game seed: 10108270120013479321

21 qw the Shield-Bearer (level 2, -3/19 HPs)
             Began as a Gargoyle Fighter on June 5, 2023.
             Slain by a gnoll
             ... wielding a +0 flail
              (7 damage)
             ... on level 2 of the Dungeon.
             The game lasted 00:00:18 (929 turns).

qw the Shield-Bearer (Gargoyle Fighter)              Turns: 929, Time: 00:00:18

Health: -3/19      AC:  9    Str: 19    XL:     2   Next: 83%
Magic:  2/2        EV:  9    Int:  8    God:
Gold:   68         SH:  4    Dex:  9    Spells: 1/1 levels left

rFire   . . .        Y - +1 war axe
rCold   . . .        c - +0 buckler
rNeg    + . .        b - +0 scale mail
rPois   inf          (no helmet)
rElec   +            (no cloak)
rCorr   .            (no gloves)
SInv    .            (no boots)
Will    .....        (no amulet) Stlth
                     (no ring)
HPRegen 0.23/turn    (no ring)
MPRegen 0.08/turn

%: no passive effects
@: no status effects
A: sickness immunity, AC +2, negative energy resistance 1, electricity
resistance, torment resistance 1, petrification resistance
a: no special abilities


You were on level 2 of the Dungeon.
You visited 1 branch of the dungeon, and saw 2 of its levels.

You collected 68 gold pieces.


Innate Abilities, Weirdness & Mutations

You are immune to sickness and miasma.
Your stone body is resilient. (AC +2)
You are immune to poison.
You resist negative energy. (rN+)
You are resistant to electric shocks. (rElec)
You are resistant to unholy torment.
You are immune to petrification.


   Skills:
 - Level 3.2 Fighting
 - Level 3.0 Axes
 + Level 0.0 Throwing
 - Level 3.2 Armour
 - Level 3.2 Shields


You had one spell level left.
You didn't know any spells.
Your spell library was empty.

Inventory:

Hand Weapons
 h - a +0 whip
 Y - a +1 war axe (weapon)
Missiles
 e - 3 javelins (quivered)
Armour
 b - a +0 scale mail (worn)
 c - a +0 buckler (worn)
 l - a +0 plate armour
Jewellery
 n - an amulet of the acrobat
Scrolls
 a - a scroll of fear {unknown}
 i - 2 scrolls of enchant armour {unknown}
 j - 2 scrolls of identify {unknown}
 k - a scroll of noise {unknown}
Potions
 d - a potion of might
 f - a potion of ambrosia {unknown}
 g - a potion of lignification {unknown}
 m - a potion of berserk rage {unknown}
 o - a potion of heal wounds {unknown}

Dungeon Overview and Level Annotations

Branches:
Dungeon (2/15)

Altars:


Message History

A gnoll comes into view. It is wielding a +0 club.
Enter note:
Enter note:
Enter note: A gnoll comes into view. It is wielding a +0 flail.
Enter note:
Enter note:
Enter note: The gnoll shouts!
Enter note:
Enter note:
Enter note: The gnoll throws a throwing net.
You block the throwing net. The goblin hits you but does no damage.
You see here a throwing net.
You hit the goblin.
You kill the goblin!
Your Axes skill increases to level 3!
You throw a javelin. The javelin closely misses the gnoll.
A gnoll comes into view. It is wielding a +0 spear.
Found an Everburning Encyclopedia.
The gnoll shouts!
You hear a shout!
Enter note:
Enter note:
Enter note: You completely miss the gnoll.
You hit the gnoll.
A gnoll comes into view. It is wielding a +0 spear.
The gnoll hits you but does no damage. The gnoll hits you with a +0 flail!
The gnoll barely misses you.
You closely miss the gnoll.
The gnoll is moderately wounded.
You hit the gnoll but do no damage. The gnoll closely misses you.
The gnoll hits you but does no damage.
You hit the gnoll.
The gnoll is moderately wounded.
You hit the gnoll but do no damage. The gnoll hits you with a +0 club.
The gnoll hits you from afar with a +0 spear.
The gnoll hits you with a +0 flail! x2
You die...

# #. ##.#######
.........# :........#
.(......[# ...g..g.)#
.....g.@(# .......g.#
.........#
.........######
##.######.....#
........
#.######.###.#
........ ##........###
....... #...#.......#
.....#####.....#####.#


You could see 4 gnolls.

Vanquished Creatures
  An adder (D:2)
  A giant cockroach (D:1)
  A quokka (D:2)
  3 ball pythons (D:2)
  A bat (D:1)
  A frilled lizard (D:1)
  3 goblins
  A kobold (D:1)
12 creatures vanquished.

Notes
Turn   | Place    | Note
-------+----------+-------------------------------------------
     0 | D:1      | qw the Gargoyle Fighter began the quest for the Orb.
     0 | D:1      | Reached XP level 1. HP: 14/14 MP: 1/1
     0 | D:1      | 0 ||| qw: Version: 0.2-a-108-gee2c290
     0 | D:1      | 0 ||| qw: Game counter: 1441
     0 | D:1      | 0 ||| qw: Always use a shield: true
     0 | D:1      | 0 ||| qw: God list: Okawaru
     0 | D:1      | 0 ||| qw: Allow faded altars: false
     0 | D:1      | 0 ||| qw: Do Orc after D:15 true
     0 | D:1      | 0 ||| qw: Do second Lair branch before Depths: true
     0 | D:1      | 0 ||| qw: Lair rune preference: random
     0 | D:1      | 0 ||| qw: Plans: Normal, Zot:1-4, Slime:5, God:TSO, Crypt,
                  | Tomb, Abyss, Pan, Hells, Win
     0 | D:1      | 0 ||| PLANNING D:1-11
   542 | D:1      | 542 ||| READING scroll labelled BATYFO SYDAC.
   550 | D:1      | 550 ||| READING scroll labelled USSINT CIUF.
   551 | D:1      | 551 ||| READING scroll labelled MEUWKI PEE.
   552 | D:1      | 552 ||| READING scroll labelled ANUFUM ERATOI.
   680 | D:2      | Reached XP level 2. HP: 19/19 MP: 2/2
   746 | D:2      | 746 ||| Stepping ~*~*~tactically~*~*~ (hiding).
   748 | D:2      | 748 ||| Stepping ~*~*~tactically~*~*~ (hiding).
   925 | D:2      | Reached skill level 3 in Axes
   929 | D:2      | HP: 4/19 [gnoll/+0 flail (7)]
   929 | D:2      | Slain by a gnoll

Levels and vault maps discovered:
D:1:      matt_arrival_spirals, layout_rooms, chequers_serial_rivers_micro_a
D:2:      layout_basic

Skill      XL: |  1  2 |
---------------+-------+-----
Axes           | 2 3 |  3.0
Fighting       | |  3.2
Armour         | |  3.2
Shields        | |  3.2

Action                     || total
---------------------------++-------
  Melee: War axe           ||    35
  Throw: Javelin           ||    14
    Use: Scroll            ||     4
 Armour: Scale mail        ||    26
  Dodge: Dodged            ||    17
  Block: Buckler           ||     3

Table legend:
 A = Non-vault XP
 B = Vault XP
 C = Vault XP percentage of total XP
 D = Non-vault monster count
 E = Vault monster count
 F = Vault count percentage of total count
                 A         B        C        D         E       F
            +---------+---------+-------+---------+---------+-------
      Total |      30 |       0 |   0.0 |      12 |       0 |   0.0
            +---------+---------+-------+---------+---------+-------
        D:1 |       6 |       0 |   0.0 |       5 |       0 |   0.0
        D:2 |      24 |       0 |   0.0 |       7 |       0 |   0.0
            +---------+---------+-------+---------+---------+-------
